 Dungeon Crawl Stone Soup version 0.31.0-12-g77e489cdc1 (webtiles) character file.

Game seed: 4006153235023259510

41 Doomgape the Trooper (level 3, -3/24 HPs)
             Began as a Gargoyle Fighter on Feb 21, 2024.
             Slain by Crazy Yiuf
             ... wielding a +4 quarterstaff of chaos
              (13 damage)
             ... on level 2 of the Dungeon.
             The game lasted 00:01:57 (599 turns).

Doomgape the Trooper (Gargoyle Fighter)              Turns: 599, Time: 00:01:57

Health: -3/24      AC: -4    Str: 21    XL:     3   Next: 52%
Magic:  3/3        EV: 17    Int:  8    God:
Gold:   58         SH:  0    Dex: 14    Spells: 2/2 levels left

rFire   . . .        a - melded +1 flail
rCold   . . .        c - melded +0 buckler
rNeg    + . .        b - melded +0 scale mail
rPois   ∞            (helmet currently unavailable)
rElec   .            (cloak currently unavailable)
rCorr   .            (gloves currently unavailable)
SInv    .            (boots currently unavailable)
Will    .....        (no amulet)
Stlth   +            (ring currently unavailable)
HPRegen 0.24/turn    (ring currently unavailable)
MPRegen 0.08/turn

%: no passive effects
@: bat-form, corroded, flying, very quick
A: fast, flying, no casting, sickness immunity, AC +3, tiny, negative energy
resistance 1, (electricity resistance), torment resistance 1, petrification
resistance
a: no special abilities


You were on level 2 of the Dungeon.
You were a bat.
You visited 1 branch of the dungeon, and saw 2 of its levels.

You collected 58 gold pieces.

Inventory:

Hand Weapons
 a - a +1 flail (melded)
Armour
 b - a +0 scale mail (melded)
 c - a +0 buckler (melded)
Jewellery
 g - a ring of fire
 i - a ring of wizardry
Scrolls
 j - a scroll of fog {unknown}
Potions
 d - a potion of might
 e - 2 potions of curing
 f - a potion of invisibility {unknown}
 h - a potion of berserk rage {unknown}


   Skills:
 + Level 3.8 Fighting
 + Level 2.5 Maces & Flails
 + Level 3.7 Armour
 + Level 3.7 Shields


You had 2 spell levels left.
You didn't know any spells.
Your spell library contained the following spells:

 Spells                   Type           Power      Damage    Failure   Level
 Petrify                  Alch/Erth      0%         N/A       99%         4
 Irradiate                Conj/Alch      0%         3d11      100%        5
 Sublimation of Blood     Necr           Unusable   N/A       N/A         2

Dungeon Overview and Level Annotations

Branches:
Dungeon (2/15)

Altars:

Annotations:
D:2 Crazy Yiuf


Innate Abilities, Weirdness & Mutations

You are a bat.
You are tiny and dextrous.
You move quickly.
You are flying.
Your equipment is almost entirely melded.
You are incapable of wielding weapons or throwing items.
You cannot cast spells.
You are immune to sickness and miasma.
((Your stone body is resilient. (AC +3)))
You are immune to poison.
You resist negative energy. (rN+)
((You are resistant to electric shocks. (rElec)))
You are resistant to unholy torment.
You are immune to petrification.


Message History

Crazy Yiuf shouts!
Crazy Yiuf yells, "Defame!"
You open the door.
Crazy Yiuf grits, "Whiteboard bush dark!"
You sock Crazy Yiuf!
Crazy Yiuf is moderately wounded.
Crazy Yiuf cries, "You leg down broken song, no?"
You block Crazy Yiuf's attack.
Crazy Yiuf hits you with a +4 quarterstaff of chaos.
You are confused.
You bump into the tree.
Crazy Yiuf zaps a wand.
You resist with significant effort.
You bump into the tree.
Crazy Yiuf zaps a wand.
You resist with significant effort.
You closely miss Crazy Yiuf.
Crazy Yiuf is moderately wounded.
Crazy Yiuf cries, "You leg down broken song, no?"
Crazy Yiuf hits you with a +4 quarterstaff of chaos.
The acid corrodes you!
You're too confused to move!
Crazy Yiuf hits you with a +4 quarterstaff of chaos.
Crazy Yiuf burns you.
Unknown command.
You barely miss Crazy Yiuf.
Crazy Yiuf is moderately wounded.
Crazy Yiuf grits, "Tonal!
Hack seventy tortoise."
Crazy Yiuf closely misses you.
You sock Crazy Yiuf!
Crazy Yiuf is almost dead.
You feel less confused. You block Crazy Yiuf's attack.
Crazy Yiuf zaps a wand.
You turn into a bat.
Your +1 flail melds into your body.
Your +0 buckler melds into your body.
Your +0 scale mail melds into your body.
You completely miss Crazy Yiuf.
Crazy Yiuf is almost dead.
You hit Crazy Yiuf.
Crazy Yiuf is almost dead.
Crazy Yiuf hits you with a +4 quarterstaff of chaos!
Ouch! That really hurt!
You die...

..... .......
#........ #.#......
♣♣♣♣♣##........ ###
♣♣♣.♣.....#......
#...#♣..♣.............
#...gb♣♣♣♣.......(....
#)..#♣♣ ♣♣...........
### ♣♣##........
#......). #.....<..
#########..#....
#.#.##.##.###...
##...#..#..# #.#.
##..##.....## #...


You could see Crazy Yiuf.

Vanquished Creatures
  2 adders
  A dart slug (D:1)
  A ball python (D:1)
  A bat (D:2)
  4 endoplasms (D:1)
  2 giant cockroaches (D:1)
  2 goblins (D:1)
  2 hobgoblins (D:1)
  A kobold (D:2)
  2 frilled lizards (D:1)
  A rat (D:1)
19 creatures vanquished.

Notes
Turn   | Place    | Note
-------+----------+-------------------------------------------
     0 | D:1      | Doomgape the Gargoyle Fighter began the quest for the Orb.
     0 | D:1      | Reached XP level 1. HP: 14/14 MP: 1/1
   258 | D:1      | Reached XP level 2. HP: 19/19 MP: 2/2
   481 | D:1      | Reached XP level 3. HP: 17/24 MP: 3/3
   586 | D:2      | Found a runed translucent door.
   587 | D:2      | Noticed Crazy Yiuf
   599 | D:2      | Slain by Crazy Yiuf

Illustrated notes

Levels and vault maps discovered:
D:1:      dpeg_arrival_simpleton_c, layout_rooms
D:2:      minmay_chambers_of_ones, layout_rooms, serial_shops, shop,
          chequers_ecumenical_altar_simple_redux,
          hangedman_decor_clover_reticule, uniq_crazy_yiuf_cottage, uniq_robin,
          uniq_natasha

Action                     || total
---------------------------++-------
  Melee: Flail             ||    58
         Unarmed           ||     2
    Use: Scroll            ||     2
 Armour: Scale mail        ||    53
         Skin              ||     1
  Dodge: Dodged            ||    33
  Block: Buckler           ||    19
